 Dungeon Crawl Stone Soup version 0.31-a0-1547-g618ab1f346 (webtiles) character file.

Game seed: 12772899055005494496

434 gohu the Chopper (level 6, -5/52 HPs)
             Began as a Minotaur Fighter on Jan 2, 2024.
             Slain by an ogre
             ... wielding a +0 giant club
              (16 damage)
             ... on level 5 of the Dungeon.
             The game lasted 00:06:19 (2785 turns).

gohu the Chopper (Minotaur Fighter)                 Turns: 2785, Time: 00:06:20

Health: -5/52      AC:  8    Str: 23    XL:     6   Next: 67%
Magic:  5/5        EV:  9    Int:  5    God:
Gold:   172        SH:  4    Dex:  9    Spells: 5/5 levels left

rFire   . . .        a - +0 war axe
rCold   . . .        c - +0 buckler
rNeg    . . .        b - +0 scale mail
rPois   .            (helmet restricted)
rElec   .            m - +0 cloak
rCorr   .            (no gloves)
SInv    .            (no boots)
Will    .....        (no amulet) Stlth
                     (no ring)
HPRegen 0.28/turn    (no ring)
MPRegen 0.09/turn

%: no passive effects
@: no status effects
A: horns 2, retaliatory headbutt
a: no special abilities


You were on level 5 of the Dungeon.
You visited 1 branch of the dungeon, and saw 5 of its levels.

You collected 172 gold pieces.

Inventory:

Hand Weapons
 a - a +0 war axe (weapon)
Missiles
 j - 5 boomerangs (quivered)
Armour
 b - a +0 scale mail (worn)
 c - a +0 buckler (worn)
 m - a +0 cloak (worn)
Jewellery
 e - a ring of see invisible
Wands
 p - a wand of flame (12)
Scrolls
 f - a scroll of noise {unknown}
 g - 3 scrolls of amnesia {unknown}
 h - a scroll of enchant weapon {unknown}
 i - 3 scrolls of identify {unknown}
 k - a scroll of revelation {unknown}
 n - 3 scrolls of teleportation {unknown}
 o - a scroll of poison {unknown}
 q - 2 scrolls of fear {unknown}
Potions
 d - a potion of mutation {unknown}


   Skills:
 + Level 4.3 Fighting
 * Level 6.7 Axes
 + Level 0.6 Throwing
 + Level 5.0 Armour
 + Level 1.0 Dodging
 + Level 4.6 Shields


You had 5 spell levels left.
You didn't know any spells.
Your spell library contained the following spells:

 Spells                   Type           Power      Damage    Failure   Level
 Ensorcelled Hibernation  Hex/Ice        0%         N/A       93%         2
 Passwall                 Erth           0%         N/A       99%         3
 Swiftness                Air            0%         N/A       99%         3


Dungeon Overview and Level Annotations

Branches:
Dungeon (5/15)
 Temple: D:4-7

Altars:

Annotations:
D:2 1 runed translucent door, Crazy Yiuf
D:3 Grinder
D:4 Menkaure


Innate Abilities, Weirdness & Mutations

You have a pair of horns on your head.
You reflexively headbutt those who attack you in melee.


Message History

You kill Blork the orc!
Your Armour skill increases to level 5!
Things that are here:
a +0 long sword; a +0 robe; the orc corpse of Blork the orc
There is an open door here.
Found a sling.
Okay, then.
You now have 172 gold pieces (gained 19).
An ogre comes into view. It is wielding a +0 giant club.
The ogre shouts!
There is an open door here.
Throw: 5 boomerangs
Press: ? - help, Q - select action, (/) - cycle Shift-Dir - straight line, f - ogre
Aim: an ogre, wielding a +0 giant club (70% to hit)
You throw a boomerang. The boomerang barely misses the ogre.
Throw: 5 boomerangs
Press: ? - help, Q - select action, (/) - cycle Shift-Dir - straight line, f/p - ogre
Aim: an ogre, wielding a +0 giant club (70% to hit)
You throw a boomerang. The boomerang hits the ogre.
The ogre is lightly wounded.
You completely miss the ogre.
You headbutt the ogre, but do no damage.
The ogre is lightly wounded.
The ogre hits you with a +0 giant club!!
Ouch! That really hurt!
You are too injured to fight recklessly!
You are too injured to fight recklessly!
You hit the ogre.
The ogre is moderately wounded.
You block the ogre's attack.
You barely miss the ogre.
The ogre is moderately wounded.
The ogre hits you with a +0 giant club!
* * * LOW HITPOINT WARNING * * *
You hit the ogre.
The ogre is moderately wounded.
You barely miss the ogre.
The ogre is moderately wounded.
The ogre hits you with a +0 giant club!
You die...

#.......##....#
##..>....##....#
+.....<..##...#
#........##...##
#.............#
#.............#
............)..#
##...##..##O########
##+###..##@####...#
...............#
...............#
.........).......#
......########...#
#####........#...#
#........#...#
#........#...#
#........#...#


You could see an ogre.

Vanquished Creatures
  Pargi (D:3)
  Blork the orc (D:5)
  A scorpion (D:5)
  A bombardier beetle (D:3)
  Robin (D:2)
  4 gnolls (D:3)
  5 adders
  3 dart slugs
  2 ribbon worms (D:2)
  5 ball pythons
  7 endoplasms
  4 giant cockroaches
  4 hobgoblins
  5 kobolds
  3 quokkas
  6 bats
  7 frilled lizards
  16 goblins
  5 rats
81 creatures vanquished.

Notes
Turn   | Place    | Note
-------+----------+-------------------------------------------
     0 | D:1      | gohu the Minotaur Fighter began the quest for the Orb.
     0 | D:1      | Reached XP level 1. HP: 19/19 MP: 0/0
   175 | D:1      | Reached XP level 2. HP: 27/27 MP: 1/1
   381 | D:1      | Reached skill level 3 in Axes
   539 | D:1      | Found a faded altar of an unknown god.
   602 | D:1      | Reached XP level 3. HP: 33/33 MP: 2/2
  1129 | D:2      | Reached skill level 4 in Axes
  1132 | D:2      | Reached XP level 4. HP: 40/40 MP: 3/3
  1134 | D:2      | Noticed Robin
  1149 | D:2      | Killed Robin
  1562 | D:2      | Found a runed translucent door.
  1563 | D:2      | Noticed Crazy Yiuf
  1619 | D:3      | Reached skill level 5 in Axes
  1619 | D:3      | Reached XP level 5. HP: 33/46 MP: 4/4
  1868 | D:3      | Noticed Pargi
  1875 | D:3      | Killed Pargi
  2045 | D:3      | Reached skill level 6 in Axes
  2045 | D:3      | Reached XP level 6. HP: 52/52 MP: 5/5
  2121 | D:4      | Noticed Menkaure
  2433 | D:3      | Noticed Grinder
  2434 | D:3      | Paralysed by Grinder for 3 turns
  2542 | D:5      | Entered Level 5 of the Dungeon
  2543 | D:5      | Identified the +2 leather armour of the Evening {Str+3}
  2697 | D:5      | Reached skill level 1 in Dodging
  2711 | D:5      | Noticed Blork the orc
  2716 | D:5      | Killed Blork the orc
  2717 | D:5      | Reached skill level 5 in Armour
  2785 | D:5      | Slain by an ogre

Illustrated notes

Levels and vault maps discovered:
D:1:      onia_arrival_mini_spirals, layout_loops_cross,
          ebering_ecumenical_altar_webs, hex_medium, hangedman_feature_mirror,
          minmay_crystal_water, minmay_tetromino_l2
D:2:      layout_loops_corners, nicolae_half_adder, uniq_robin,
          uniq_crazy_yiuf_cottage
D:3:      layout_loops_cross, uniq_pargi, uniq_grinder
D:4:      layout_rooms, minmay_temple_entry_sparse_star, lemuel_flame_loot_1,
          uniq_menkaure
D:5:      layout_gridville, serial_undead, serial_undead_f, serial_undead_d,
          serial_undead_d, serial_undead_e, uniq_blork_the_orc

Skill      XL: |  1  2  3  4  5  6 |
---------------+-------------------+-----
Armour         | 4 5 |  5.0
Axes           | 3 4 5 6 |  6.7
Shields        | 4 |  4.6
Fighting       | 4 |  4.3
Dodging        | 1 |  1.0
Throwing       | |  0.6

Action                     |  1- 3 |  4- 6 || total
---------------------------+-------+-------++-------
  Melee: War axe           |    87 |   102 ||   189
         Headbutt          |    13 |    13 ||    26
  Throw: Boomerang         |     8 |     4 ||    12
    Use: Potion            |       |     6 ||     6
 Armour: Scale mail        |    62 |    69 ||   131
  Dodge: Dodged            |    28 |    48 ||    76
  Block: Buckler           |    21 |    24 ||    45

Table legend: (Time is in decaauts)
 A = Elapsed time spent in this place.
 B = Non-inter-level travel time spent in this place.
 C = Inter-level travel time spent in this place.
 D = Time resting spent in this place.
 E = Time spent auto-exploring this place.
 F = Levels seen in this place.
 G = Mean time per level.
                   A        B        C        D        E       F      G
               +--------+--------+--------+--------+--------+-----+--------+
         Total |   2852 |   2734 |    118 |      0 |   2079 |   5 |  570.4 |
       Dungeon |   2852 |   2734 |    118 |      0 |   2079 |   5 |  570.4 |
               +--------+--------+--------+--------+--------+-----+--------+

Top non-repeatable levels by time:
     D:2: 1098 daAuts
     D:1: 782 daAuts
     D:3: 696 daAuts
     D:5: 245 daAuts
     D:4: 29 daAuts
